 Dungeon Crawl Stone Soup version 0.30-a0-591-g3c58d2bc28 (webtiles) character file.

Game seed: 8878512025570914033

308 Crownlay the Cruncher (level 6, -1/38 (47) HPs)
             Began as a Gnoll Wanderer on Jan 5, 2023.
             Was a Follower of Qazlal.
             Slain by Edmund
             ... wielding a +5 dire flail of draining
              (5 damage)
             ... on level 4 of the Dungeon.
             The game lasted 00:04:20 (2802 turns).

Crownlay the Cruncher (Gnoll Wanderer)              Turns: 2802, Time: 00:04:21

HP:   -1/38 (47)    AC:  9    Str:  8    XL:     6   Next: 40%
MP:   11/11         EV: 11    Int:  7    God:    Qazlal [*.....]
Gold: 117           SH:  1    Dex: 21    Spells: 11/11 levels left

rFire   + . .      SeeInvis .    a - +3 quarterstaff
rCold   . . .      Faith    .    (shield currently unavailable)
rNeg    . . .      Spirit   .    o - +1 ring mail {rF+}
rPois   +          Reflect  .    (no helmet)
rElec   .          Harm     .    u - +0 cloak
rCorr   .          Rampage  .    e - +0 pair of gloves
Will    .....                    i - +0 pair of boots
Stlth   ++                       (no amulet)
HPRegen 0.26/turn                t - ring of poison resistance
MPRegen 0.12/turn                (no ring)

@: heavily drained
A: fangs 1, strong nose, distributed training
a: Renounce Religion


You were on level 4 of the Dungeon.
You worshipped Qazlal.
Qazlal was aware of your devotion.
You visited 1 branch of the dungeon, and saw 4 of its levels.

You collected 237 gold pieces.
You spent 120 gold pieces at shops.

Inventory:

Hand Weapons
 a - a +3 quarterstaff (weapon)
 b - a +0 short sword
Armour
 e - a +0 pair of gloves (worn)
 i - a +0 pair of boots (worn)
 o - a +1 ring mail of fire resistance (worn)
 u - a +0 cloak (worn)
Jewellery
 t - a ring of poison resistance (left hand)
Wands
 n - a wand of flame (3)
Scrolls
 c - a scroll of teleportation
 f - a scroll of silence {unknown}
 g - 2 scrolls of fear
 h - a scroll of amnesia {unknown}
 j - 5 scrolls of identify
 k - a scroll of noise {unknown}
 l - a scroll of enchant weapon {unknown}
 p - a scroll of poison {unknown}
 q - a scroll of blinking {unknown}
Potions
 d - 2 potions of heal wounds {unknown}
 m - a potion of lignification {unknown}
 r - 2 potions of mutation {unknown}
 s - a potion of resistance {unknown}


   Skills:
 + Level 3.3 Fighting
 + Level 5.0 Short Blades
 + Level 2.0 Long Blades
 + Level 2.0 Axes
 + Level 2.0 Maces & Flails
 + Level 2.0 Polearms
 + Level 10.6 Staves
 + Level 2.0 Ranged Weapons
 + Level 2.0 Throwing
 + Level 2.0 Armour
 + Level 3.3 Dodging
 + Level 2.0 Stealth
 + Level 2.0 Shields
 + Level 2.0 Unarmed Combat
 + Level 3.4 Spellcasting
 + Level 1.6 Conjurations
 + Level 1.6 Hexes
 + Level 1.6 Summonings
 + Level 1.6 Necromancy
 + Level 1.6 Translocations
 + Level 1.6 Transmutations
 + Level 1.6 Fire Magic
 + Level 1.6 Ice Magic
 + Level 1.6 Air Magic
 + Level 1.6 Earth Magic
 + Level 1.6 Poison Magic
 + Level 2.2 Invocations
 + Level 2.0 Evocations


You had 11 spell levels left.
You didn't know any spells.
Your spell library contained the following spells:

 Spells                   Type           Power      Damage    Failure   Level
 Apportation              Tloc           6%         N/A       45%         1
 Alistair's Intoxication  Tmut/Pois      2%         N/A       100%        5


Dungeon Overview and Level Annotations

Branches:
Dungeon (4/15)
 Temple: D:4-7

Altars:
Okawaru
Qazlal
Trog

Shops:
D:2 ?

Annotations:
D:3 1 runed translucent door, tilp's ghost, amateur MeFi
D:4 Edmund


Innate Abilities, Weirdness & Mutations

You have very sharp teeth.
Your uncanny sense of smell can sniff out nearby items.
Your experience applies equally to all skills.


Message History

Your Stealth skill increases to level 2!
Your Shields skill increases to level 2!
Your Unarmed Combat skill increases to level 2!
Your Evocations skill increases to level 2!
No target in view!
No target in view!
No target in view!
You see here a scorpion corpse.
Edmund the Younger comes into view.
He is wielding a +5 dire flail of draining.
Edmund shouts!
Okay, then.
Okay, then.
You hit Edmund but do no damage.
Edmund hits you with a +5 dire flail of draining!
You feel drained.
You thump Edmund! You bite Edmund, but do no damage.
Edmund is lightly wounded.
Edmund hits you with a +5 dire flail of draining.
You feel drained.
You hit Edmund. You bite Edmund, but do no damage.
Edmund is lightly wounded.
Edmund hits you with a +5 dire flail of draining!
You feel drained.
You sock Edmund!
Edmund is heavily wounded.
You hit Edmund.
Edmund is heavily wounded.
Edmund hits you with a +5 dire flail of draining!
* * * LOW HITPOINT WARNING * * *
You feel drained.
* * * LOW HITPOINT WARNING * * *
You hit Edmund.
Edmund is heavily wounded.
Edmund hits you with a +5 dire flail of draining.
* * * LOW HITPOINT WARNING * * *
You feel drained.
Okay, then.
Edmund attacks as you move away!
Edmund hits you with a +5 dire flail of draining.
You die...

.....# ..... #### @...
##..# ... #...+ .. ###
#...##### .# ######..
#...##.@##.#####.##....
#.....@.....+.......###
#..†........#.....####.
###'##....###'##.#####.
##+##..#########.###...##.
#.......#........#.....##.
#.......#........#.....##.
#.......+........'.....##_
#..###.##..####..###.#####
##..###.##..#####'###.#####


You could see Edmund.

Vanquished Creatures
  A scorpion (D:4)
  A jelly (D:3)
  Crazy Yiuf (D:3)
  An orc priest (D:4)
  Ijyb (D:3)
  Robin (D:4)
  An adder (D:3)
  An ufetubus (D:4)
  3 worms
  A dart slug (D:3)
  An orc (D:4)
  4 ball pythons
  7 endoplasms
  7 giant cockroaches
  14 goblins
  7 hobgoblins
  11 jackals
  3 quokkas
  10 bats
  6 frilled lizards
  7 kobolds
  5 rats
94 creatures vanquished.

Notes
Turn   | Place    | Note
-------+----------+-------------------------------------------
     0 | D:1      | Reached skill level 10 in Staves
     0 | D:1      | Crownlay the Gnoll Wanderer began the quest for the Orb.
     0 | D:1      | Crownlay set off with the following items: a +3
                  | quarterstaff, a +0 short sword, a scroll of teleportation,
                  | a +0 leather armour.
     0 | D:1      | Reached XP level 1. HP: 17/17 MP: 4/4
   135 | D:1      | Reached XP level 2. HP: 23/23 MP: 5/5
   563 | D:1      | Reached XP level 3. HP: 28/28 MP: 7/7
   625 | D:1      | Reached skill level 1 in Invocations
  1180 | D:2      | Reached skill level 1 in Long Blades
  1180 | D:2      | Reached skill level 1 in Axes
  1180 | D:2      | Reached skill level 1 in Maces & Flails
  1180 | D:2      | Reached skill level 1 in Polearms
  1180 | D:2      | Reached skill level 1 in Ranged Weapons
  1180 | D:2      | Reached skill level 1 in Throwing
  1180 | D:2      | Reached skill level 1 in Armour
  1180 | D:2      | Reached skill level 1 in Stealth
  1180 | D:2      | Reached skill level 1 in Shields
  1180 | D:2      | Reached skill level 1 in Unarmed Combat
  1180 | D:2      | Reached skill level 1 in Evocations
  1255 | D:2      | Found a faded altar of an unknown god.
  1317 | D:2      | Reached XP level 4. HP: 29/34 MP: 8/8
  1371 | D:2      | Found Fucaneop's Magic Scroll Shop.
  1383 | D:2      | Bought a scroll of identify for 24 gold pieces
  1383 | D:2      | Bought a scroll of fear for 48 gold pieces
  1383 | D:2      | Bought a scroll of identify for 24 gold pieces
  1383 | D:2      | Bought a scroll of identify for 24 gold pieces
  1663 | D:3      | Noticed Ijyb
  1683 | D:3      | Killed Ijyb
  1684 | D:3      | Reached skill level 1 in Conjurations
  1684 | D:3      | Reached skill level 1 in Hexes
  1684 | D:3      | Reached skill level 1 in Summonings
  1684 | D:3      | Reached skill level 1 in Necromancy
  1684 | D:3      | Reached skill level 1 in Translocations
  1684 | D:3      | Reached skill level 1 in Transmutations
  1684 | D:3      | Reached skill level 1 in Fire Magic
  1684 | D:3      | Reached skill level 1 in Ice Magic
  1684 | D:3      | Reached skill level 1 in Air Magic
  1684 | D:3      | Reached skill level 1 in Earth Magic
  1684 | D:3      | Reached skill level 1 in Poison Magic
  1832 | D:3      | Found a stormy altar of Qazlal.
  1850 | D:3      | Became a worshipper of Qazlal Stormbringer
  1937 | D:3      | Found a runed translucent door.
  1941 | D:3      | Noticed tilp's ghost (amateur MeFi)
  2070 | D:3      | Reached XP level 5. HP: 39/40 MP: 9/9
  2132 | D:3      | Found a runed translucent door.
  2133 | D:3      | Noticed Crazy Yiuf
  2392 | D:3      | Killed Crazy Yiuf
  2616 | D:4      | Reached XP level 6. HP: 47/47 MP: 11/11
  2619 | D:4      | Noticed Robin
  2640 | D:4      | Killed Robin
  2640 | D:4      | Reached * piety under Qazlal
  2682 | D:4      | Found a bloodstained altar of Trog.
  2682 | D:4      | Found an iron altar of Okawaru.
  2766 | D:4      | Reached skill level 5 in Short Blades
  2788 | D:4      | Noticed Edmund
  2802 | D:4      | Slain by Edmund

Illustrated notes

Levels and vault maps discovered:
D:1:      doesnt_arrival_eight_statues, layout_basic,
          chequers_serial_rivers_micro_a
D:2:      layout_rooms, serial_shops, shop,
          shapermc_ecumenical_altar_totnotflames
D:3:      layout_rooms, nicolae_qazlal_eye_of_the_storm, ebering_ghost_sewer_d,
          uniq_crazy_yiuf_cottage, uniq_ijyb
D:4:      layout_gridville, grunt_temple_overflow_bloody_war,
          minmay_temple_entry_proselytizer, kennysheep_small_square,
          uniq_edmund, uniq_robin

Skill      XL: |  1  2  3  4  5  6 |
---------------+-------------------+-----
Staves         | | 10.6
Invocations    | 1 2 |  2.2
Long Blades    | 1 2 |  2.0
Axes           | 1 2 |  2.0
Maces & Flails | 1 2 |  2.0
Polearms       | 1 2 |  2.0
Ranged Weapons | 1 2 |  2.0
Throwing       | 1 2 |  2.0
Armour         | 1 2 |  2.0
Stealth        | 1 2 |  2.0
Shields        | 1 2 |  2.0
Unarmed Combat | 1 2 |  2.0
Evocations     | 1 2 |  2.0
Spellcasting   | 3 |  3.4
Conjurations   | 1 |  1.6
Hexes          | 1 |  1.6
Summonings     | 1 |  1.6
Necromancy     | 1 |  1.6
Translocations | 1 |  1.6
Transmutations | 1 |  1.6
Fire Magic     | 1 |  1.6
Ice Magic      | 1 |  1.6
Air Magic      | 1 |  1.6
Earth Magic    | 1 |  1.6
Poison Magic   | 1 |  1.6
Fighting       | 3 |  3.3
Dodging        | 3 |  3.3
Short Blades   | 5 |  5.0

Action                   |  1- 3 |  4- 6 || total
-------------------------+-------+-------++-------
Melee: Quarterstaff      |   107 |   138 ||   245
       Bite              |     9 |    21 ||    30
 Stab: Sleeping          |     1 |     1 ||     2
Armor: Ring mail         |    36 |    48 ||    84
Dodge: Dodged            |    63 |    47 ||   110
Block: Other             |       |     1 ||     1

Table legend: (Time is in decaauts)
 A = Elapsed time spent in this place.
 B = Non-inter-level travel time spent in this place.
 C = Inter-level travel time spent in this place.
 D = Time resting spent in this place.
 E = Time spent auto-exploring this place.
 F = Levels seen in this place.
 G = Mean time per level.
                   A        B        C        D        E       F      G
               +--------+--------+--------+--------+--------+-----+--------+
         Total |   2745 |   2656 |     89 |      0 |   2103 |   4 |  686.2 |
       Dungeon |   2745 |   2656 |     89 |      0 |   2103 |   4 |  686.2 |
               +--------+--------+--------+--------+--------+-----+--------+

Top non-repeatable levels by time:
     D:1: 1104 daAuts
     D:3: 779 daAuts
     D:2: 516 daAuts
     D:4: 346 daAuts
